 Dungeon Crawl Stone Soup version 0.23-a0-338-g8ff0b24 (webtiles) character file.

51 Loudmushroom the Shield-Bearer (level 3, -1/24 HPs)
             Began as a Gargoyle Fighter on Oct 18, 2018.
             Killed from afar by Sigmund (3 damage)
             ... with a puff of flame
             ... on level 2 of the Dungeon.
             The game lasted 00:04:58 (985 turns).

Loudmushroom the Shield-Bearer (Gargoyle Fighter)    Turns: 985, Time: 00:05:00

Health: -1/24      AC: 15    Str: 20    XL:     3   Next: 81%
Magic:  3/3        EV:  7    Int:  8    God:
Gold:   69         SH:  9    Dex:  9    Spells: 2/2 levels left

rFire    . . .     SeeInvis .   a - +0 war axe
rCold    . . .     Gourm    .   c - +0 shield
rNeg     + . .     Faith    .   q - +4 scale mail {MR+}
rPois    ∞         Spirit   .   (no helmet)
rElec    +         Reflect  .   (no cloak)
rCorr    .         Harm     .   (no gloves)
MR       +....                  j - +0 pair of boots
Stlth    ..........             (no amulet)
HPRegen  0.08/turn              (no ring)
MPRegen  0.08/turn              (no ring)

@: no status effects
A: negative energy resistance 1, electricity resistance, unbreathing,
petrification resistance, rot immunity, AC +3
a: no special abilities


You were on level 2 of the Dungeon.
You were not hungry.

You visited 1 branch of the dungeon, and saw 2 of its levels.

You collected 69 gold pieces.

Inventory:

Hand Weapons
 a - a +0 war axe (weapon)
 s - a +4 dagger
Missiles
 e - 14 bolts
 h - 27 stones (quivered)
 i - 17 sling bullets
Armour
 c - a +0 shield (worn)
 g - a +0 chain mail
 j - a +0 pair of boots (worn)
 q - a +4 scale mail of magic resistance (worn)
Scrolls
 b - 2 scrolls of noise {unknown}
 n - a scroll of amnesia {unknown}
 o - a scroll of remove curse {unknown}
 r - 2 scrolls of identify {unknown}
Potions
 d - a potion of might
 k - 3 potions of curing {unknown}
 l - a potion of degeneration {unknown}
 m - a potion of agility {unknown}
Comestibles
 f - 3 rations
 p - 4 chunks of flesh


   Skills:
 + Level 3.7 Fighting
 * Level 2.6 Axes
 + Level 3.7 Armour
 + Level 3.7 Shields


You had 2 spell levels left.
You didn't know any spells.
Your spell library was empty.

Dungeon Overview and Level Annotations

Branches:
Dungeon (2/15)

Altars:

Annotations:
D:2 Sigmund


Innate Abilities, Weirdness & Mutations

You are resistant to torment.
Your stone body is resilient. (AC +3)
You are immune to poison.
You resist negative energy. (rN+)
You are resistant to electric shocks. (rElec)
You can survive without breathing.
You are immune to petrification.
You are immune to rotting.


Message History

You barely miss something. Something hits you. Something burns you.
* * * LOW HITPOINT WARNING * * *
You miss something. Something hits you but does no damage.
You miss something.
You hear some strange, mumbled words.
A puff of flame appears from out of thin air!
The puff of flame hits you!
You miss something.
You hear some strange, mumbled words.
A magic dart appears from out of thin air!
The magic dart hits you! Something hits you.
* * * LOW HITPOINT WARNING * * *
Something burns you.
* * * LOW HITPOINT WARNING * * *
You miss something. You closely miss something.
You hear some strange, mumbled words.
A puff of flame appears from out of thin air!
The puff of flame hits you!
You die...

....#.#.... #..#.....# #
#..##...## .#
#..##....########.#
#...#.##...$......#
#.....##..........#.
#......#.....(......
#####..###..............
#........###....@.......
..######.# #.....{......
..######.##...<.....%...
............######......
..######.### ...#.. ..#
# ##.# . ### .. ## #.
.###


There were no monsters in sight!

Vanquished Creatures
  Terence (D:2)
  An ooze (D:1)
  A worm (D:2)
  3 bats (D:1)
  2 giant cockroaches (D:1)
  A goblin (D:2)
  3 hobgoblins (D:1)
  A quokka (D:2)
  A ball python (D:1)
  A frilled lizard (D:1)
  3 kobolds (D:1)
  A rat (D:1)
19 creatures vanquished.

Notes
Turn   | Place    | Note
-------+----------+-------------------------------------------
     0 | D:1      | Loudmushroom the Gargoyle Fighter began the quest for the
                  | Orb.
     0 | D:1      | Reached XP level 1. HP: 14/14 MP: 1/1
   113 | D:1      | Reached XP level 2. HP: 19/19 MP: 2/2
   773 | D:2      | Noticed Terence
   784 | D:2      | Killed Terence
   784 | D:2      | Reached XP level 3. HP: 22/24 MP: 3/3
   956 | D:2      | Noticed Sigmund
   985 | D:2      | Killed from afar by Sigmund

Vault maps used:
D:1:      nzn_arrival_crosshair
D:2:      uniq_sigmund, uniq_terence

Skill      XL: |  1 |
---------------+----+-----
Axes           | 2 |  2.6
Fighting       | |  3.7
Armour         | |  3.7
Shields        | |  3.7

Action                   || total
-------------------------++-------
Melee: War axe           ||    89
Armor: Scale mail        ||    16
       Chain mail        ||    34
Dodge: Dodged            ||    16
Block: Shield            ||    33

Table legend:
 A = Non-vault XP
 B = Vault XP
 C = Vault XP percentage of total XP
 D = Non-vault monster count
 E = Vault monster count
 F = Vault count percentage of total count
                 A         B        C        D         E       F
            +---------+---------+-------+---------+---------+-------
      Total |      37 |      36 |  49.3 |      18 |       1 |   5.3
            +---------+---------+-------+---------+---------+-------
        D:1 |      28 |       0 |   0.0 |      15 |       0 |   0.0
        D:2 |       9 |      36 |  80.0 |       3 |       1 |  25.0
            +---------+---------+-------+---------+---------+-------
